[Event "Titled Tuesday Blitz May 23 Early 2023"]
[White "Paravyan, David"]
[Black "Bacrot, Etienne"]
[WhiteFideId "4194985"]
[BlackFideId "605506"]
[WhiteElo "2563"]
[BlackElo "2672"]
[Result "0-1"]
[Round "06"]
[TimeControl "180+2"]
[Date "2023.05.23"]
[WhiteClock "0:00:00"]
[BlackClock "0:00:06"]

1. e4 c5 2. Nf3 d6 3. d4 cxd4 4. Nxd4 Nf6 5. Nc3 Nc6 6. Be2 g6 7. Be3 Bg7 8. Qd2 Bd7 9. O-O-O Rc8 10. Kb1 a6 11. Bh6 Bxh6 12. Qxh6 Nxd4 13. Rxd4 Qb6 14. Rd3 Qxf2 15. Rf1 Qc5 16. g4 Bxg4 17. Bxg4 Nxg4 18. Qg7 Rf8 19. Qxh7 b5 20. Qh3 Ne5 21. Rd5 Qc6 22. a3 Nc4 23. Rd3 Ne5 24. Rd5 e6 25. Rd4 Qc5 26. Rfd1 Rc6 27. Qg2 a5 28. Qe2 Nc4 29. R1d3 b4 30. Na4 Qb5 31. axb4 Qxa4 32. Rc3 axb4 33. Rdxc4 Rxc4 34. Qxc4 Ke7 35. Qc7+ Qd7 36. Rc4 Qxc7 37. Rxc7+ Kf6 38. Rb7 Rh8 39. Rxb4 Rxh2 40. Ra4 g5 41. b3 g4 42. e5+ Kxe5 43. Rxg4 f5 44. Rg1 f4 45. Re1+ Kf5 46. b4 e5 47. Kc1 f3 48. b5 e4 49. b6 Kf4 50. b7 Rh8 51. Kd2 Rb8 52. Rb1 e3+ 53. Kd3 e2 54. Kd2 Kg3 55. Rb5 Kf2 56. Rb1 Rxb7 0-1


[Site "https://www.chess.com"]

[Event "Titled Tuesday Blitz May 23 Early 2023"]
[White "Cordova, Emilio"]
[Black "Talibov, Shiroghlan"]
[WhiteFideId "3801497"]
[BlackFideId "13429078"]
[WhiteElo "2607"]
[BlackElo "2188"]
[Result "1/2-1/2"]
[Round "06"]
[TimeControl "180+2"]
[Date "2023.05.23"]
[WhiteClock "0:00:55"]
[BlackClock "0:01:45"]

1. d4 Nf6 2. Nf3 e6 3. c4 d5 4. Nc3 c5 5. e3 cxd4 6. exd4 Be7 7. Bd3 O-O 8. O-O a6 9. cxd5 Nxd5 10. Qe2 Nc6 11. a3 Bf6 12. Be3 Re8 13. Ne4 e5 14. Nxf6+ Qxf6 15. dxe5 Nxe5 16. Nxe5 Qxe5 17. Rae1 Nxe3 18. Qxe3 Qxe3 19. Rxe3 Rxe3 20. fxe3 Be6 21. Rc1 Rc8 22. Rxc8+ Bxc8 23. Kf2 Kf8 24. e4 Ke7 25. Ke3 Kd6 26. Kd4 f6 27. h4 h6 28. b4 Bd7 29. g3 g5 30. Bc4 Bc6 31. Bb3 b6 32. Bc4 Bb5 33. Bd5 Bf1 34. Bb7 Bb5 35. Bc8 Bf1 1/2-1/2


[Site "https://www.chess.com"]

[Event "Titled Tuesday Blitz May 23 Early 2023"]
[White "Vakhlamov, Igor L."]
[Black "Kramnik, Vladimir"]
[WhiteFideId "24126748"]
[BlackFideId "4101588"]
[WhiteElo "2407"]
[BlackElo "2703"]
[Result "0-1"]
[Round "06"]
[TimeControl "180+2"]
[Date "2023.05.23"]
[WhiteClock "0:00:00"]
[BlackClock "0:00:07"]

1. e4 c5 2. Nf3 e6 3. Nc3 Nc6 4. d4 cxd4 5. Nxd4 Nf6 6. Ndb5 d6 7. Bf4 e5 8. Bg5 a6 9. Na3 b5 10. Nd5 Be7 11. Bxf6 Bxf6 12. c4 b4 13. Nc2 a5 14. b3 O-O 15. g3 Bg5 16. h4 Bh6 17. Bh3 Be6 18. Kf1 Nb8 19. Kg2 Na6 20. Nce3 Bxe3 21. Nxe3 Nc5 22. Qf3 a4 23. Nc2 Qb8 24. h5 h6 25. Rhd1 Qb7 26. Bf5 axb3 27. axb3 Rxa1 28. Rxa1 Bxf5 29. exf5 Qxf3+ 30. Kxf3 Nxb3 31. Rd1 Rb8 32. Rxd6 Na5 33. c5 b3 34. Na3 Rc8 35. Rd5 f6 36. Ke4 Nb7 37. Kd3 Nxc5+ 38. Kc4 Ne4+ 39. Kxb3 Rc3+ 40. Kb4 Rf3 41. Nc4 Rxf5 42. Rd8+ Kh7 43. g4 Rf4 44. Kb5 Nxf2 45. Nb6 Nxg4 46. Nd7 g5 47. Nf8+ Kg7 48. Ne6+ Kf7 49. Nxf4 gxf4 50. Kc4 e4 51. Kd4 f3 52. Ra8 f2 53. Ra1 Nh2 54. Kxe4 f1=Q 55. Ra7+ Ke6 56. Ra6+ Qxa6 0-1


[Site "https://www.chess.com"]

[Event "Titled Tuesday Blitz May 23 Early 2023"]
[White "Martinez Alcantara, Jose Eduardo"]
[Black "Averjanov, Alexey"]
[WhiteFideId "3805662"]
[BlackFideId "14109867"]
[WhiteElo "2711"]
[BlackElo "2775"]
[Result "0-1"]
[Round "06"]
[TimeControl "180+2"]
[Date "2023.05.23"]
[WhiteClock "0:00:12"]
[BlackClock "0:00:06"]

1. e4 c6 2. d4 d5 3. e5 Bf5 4. h4 h5 5. Bd3 Bxd3 6. Qxd3 Qa5+ 7. b4 Qxb4+ 8. Nd2 e6 9. Rb1 Qe7 10. c4 b6 11. Ne2 Nh6 12. Ng3 Qd7 13. Nf3 Na6 14. c5 Nc7 15. cxb6 axb6 16. Rxb6 Nb5 17. O-O Qc7 18. Rxb5 cxb5 19. Qxb5+ Qd7 20. Qb3 g6 21. Bg5 Be7 22. Bxe7 Qxe7 23. Ng5 O-O 24. Qe3 Kg7 25. Qf4 Rxa2 26. Rc1 Rfa8 27. f3 Ra1 28. Kh2 Rxc1 29. Qxc1 Ra4 30. Qf4 Rc4 31. Kh3 Nf5 32. Nxf5+ exf5 33. Qe3 f6 34. exf6+ Kxf6 35. Qb3 Kg7 36. Qb6 Rc1 37. Kh2 Kh6 38. Qb2 Qc7+ 39. f4 Qxf4+ 40. g3 Qe3 41. Nh3 Re1 42. Nf4 Qg1+ 43. Kh3 Qh1+ 44. Qh2 Qxh2+ 45. Kxh2 Rd1 46. Nxd5 Rxd4 47. Nf4 Re4 48. Nh3 Kg7 49. Kg2 Kf6 50. Kf3 Ra4 51. Nf4 Ra3+ 52. Kf2 g5 53. Nd5+ Kg6 54. Ne7+ Kf6 55. Nd5+ Ke5 56. Nb6 Ra2+ 57. Kf3 g4+ 58. Ke3 Ra3+ 59. Kf2 Rf3+ 60. Kg2 f4 61. Nc4+ Kf5 62. gxf4 Rxf4 63. Ne3+ Ke4 64. Nf1 Rxf1 65. Kxf1 Kf3 66. Kg1 Kg3 0-1


[Site "https://www.chess.com"]

[Event "Titled Tuesday Blitz May 23 Early 2023"]
[White "Tatarinov, Dmitry"]
[Black "Sviridov, Valery"]
[WhiteFideId "24160067"]
[BlackFideId "4120680"]
[WhiteElo "2326"]
[BlackElo "2457"]
[Result "0-1"]
[Round "06"]
[TimeControl "180+2"]
[Date "2023.05.23"]
[WhiteClock "0:00:00"]
[BlackClock "0:00:20"]

1. c4 e5 2. Nc3 Nf6 3. g3 d5 4. cxd5 Nxd5 5. Bg2 Nb6 6. Nf3 Nc6 7. O-O Be7 8. b3 O-O 9. Bb2 Be6 10. Qc1 Qd7 11. Rd1 Rfd8 12. Ne4 Bd5 13. Nc5 Bxc5 14. Qxc5 f6 15. d3 a5 16. e4 Bf7 17. d4 exd4 18. Nxd4 a4 19. Bf3 Ne5 20. Be2 axb3 21. Nxb3 Qc6 22. Bxe5 fxe5 23. Qxc6 bxc6 24. Rxd8+ Rxd8 25. Rc1 Ra8 26. Rc2 Ra4 27. f3 h6 28. Kf2 Kf8 29. Ke1 Ke8 30. Kd2 Ke7 31. Kc1 Kd6 32. Rd2+ Ke7 33. Kb2 g5 34. a3 Bc4 35. Nc5 Ra5 36. Nd3 Na4+ 37. Kc1 Nc3 38. Bd1 g4 39. fxg4 Nxe4 40. Nb4 Rxa3 41. Rc2 Nc3 42. Kb2 Rb3+ 43. Kc1 Nxd1 44. Rxc4 Ne3 45. Nxc6+ Kd6 46. Na5 Ra3 0-1


[Site "https://www.chess.com"]

[Event "Titled Tuesday Blitz May 23 Early 2023"]
[White "Fernandez Guillen, Ernesto J."]
[Black "Madaminov, Mukhiddin"]
[WhiteFideId "3512428"]
[BlackFideId "14210703"]
[WhiteElo "2429"]
[BlackElo "2511"]
[Result "1-0"]
[Round "06"]
[TimeControl "180+2"]
[Date "2023.05.23"]
[WhiteClock "0:00:25"]
[BlackClock "0:00:00"]

1. e4 c5 2. Nf3 d6 3. d3 Nc6 4. g3 g6 5. Bg2 Bg7 6. O-O e6 7. c3 Nge7 8. Be3 O-O 9. Nbd2 b5 10. d4 b4 11. dxc5 bxc3 12. bxc3 d5 13. Rc1 Rb8 14. Re1 Qa5 15. Nd4 dxe4 16. Nxe4 Bb7 17. Nd6 Ba8 18. Qe2 e5 19. Nb3 Qa4 20. Red1 h6 21. Rd2 Kh7 22. Qc4 Qxc4 23. Nxc4 f5 24. f4 e4 25. Nd6 a5 26. Bf1 a4 27. Nd4 Nd8 28. c4 Nec6 29. N4b5 Ne6 30. a3 h5 31. h4 Bb7 32. Be2 Ba6 33. Bd1 Na5 34. Bxa4 Rfd8 35. Rcd1 Bf8 36. c6 Nxc6 37. Rd5 Na5 38. Rc1 Nc6 39. Kf2 Bb7 40. Rdd1 Ba6 41. Nf7 Rxd1 42. Rxd1 Bxa3 43. Nxa3 Rb4 44. Bxc6 Rb2+ 45. Rd2 Rb3 46. Nb5 1-0


[Site "https://www.chess.com"]

[Event "Titled Tuesday Blitz May 23 Early 2023"]
[White "Zemlyanskii, Ivan"]
[Black "Hakobyan, Aram"]
[WhiteFideId "24249971"]
[BlackFideId "13306677"]
[WhiteElo "2421"]
[BlackElo "2584"]
[Result "0-1"]
[Round "06"]
[TimeControl "180+2"]
[Date "2023.05.23"]
[WhiteClock "0:00:01"]
[BlackClock "0:00:16"]

1. d4 g6 2. e4 Bg7 3. Nc3 c5 4. d5 d6 5. Nf3 Nf6 6. Be2 O-O 7. O-O Nbd7 8. h3 Rb8 9. a4 Ne8 10. Bf4 Nc7 11. Qd2 Re8 12. Rfe1 b6 13. Bf1 f6 14. Nb5 a6 15. Na7 Bb7 16. Nc6 Bxc6 17. dxc6 Ne5 18. Nxe5 fxe5 19. Be3 Qc8 20. b4 cxb4 21. Qxb4 Kh8 22. Rab1 Ne6 23. Bxb6 Qxc6 24. a5 Nd4 25. Qc4 Qd7 26. c3 Nc2 27. Qxa6 Nxe1 28. Bb5 Qc8 29. Rxe1 Qxc3 30. Rf1 Rf8 31. Qa7 Bf6 32. Qd7 Bh4 33. Bc6 Qb2 34. g3 Bxg3 35. fxg3 Rxf1+ 36. Kxf1 Rf8+ 37. Ke1 Qc1+ 38. Ke2 Qc2+ 39. Ke1 Qc1+ 40. Ke2 Qf1+ 41. Kd2 Qg2+ 42. Ke1 Rf1# 0-1


[Site "https://www.chess.com"]

[Event "Titled Tuesday Blitz May 23 Early 2023"]
[White "Svane, Rasmus"]
[Black "Seo, Jung Min"]
[WhiteFideId "4657101"]
[BlackFideId "1734687"]
[WhiteElo "2601"]
[BlackElo "2468"]
[Result "1-0"]
[Round "06"]
[TimeControl "180+2"]
[Date "2023.05.23"]
[WhiteClock "0:00:07"]
[BlackClock "0:00:00"]

1. Nf3 Nf6 2. g3 g6 3. Bg2 Bg7 4. O-O O-O 5. d4 d6 6. Re1 Bf5 7. Nbd2 Nc6 8. e4 Bg4 9. h3 Bc8 10. d5 Nb8 11. Nb3 e5 12. dxe6 Bxe6 13. Nfd4 Bd7 14. e5 dxe5 15. Bxb7 exd4 16. Bxa8 Bxh3 17. Qxd4 Nbd7 18. Bg2 Ng4 19. Qf4 Bh6 20. Qd4 Bg7 21. Qd2 Bxg2 22. Kxg2 Qa8+ 23. f3 Nde5 24. Qf4 f5 25. Rf1 Re8 26. Bd2 Qd5 27. Rae1 Bh6 28. Qb4 c5 29. Qc3 Bg7 30. Qxc5 Qa8 31. Kh3 Rc8 32. Qd6 h5 33. fxg4 hxg4+ 34. Kh2 Nf3+ 35. Rxf3 Qxf3 36. Qf4 Rxc2 37. Qxf3 gxf3 38. Rf1 Rxb2 39. Kh3 Rxa2 40. Rxf3 Rb2 41. Rd3 Bf6 42. Nc5 g5 43. g4 fxg4+ 44. Kxg4 Rc2 45. Ne4 Be7 46. Kf5 Rc6 47. Rd7 Kf8 48. Bc3 a6 49. Ra7 g4 50. Kxg4 Ke8 51. Kf5 Kf8 52. Be5 Ke8 53. Nc3 Rc5 54. Ke6 Rc6+ 55. Kf5 Rc5 56. Ke4 Rc4+ 57. Kd3 Rc5 58. Bd4 Rc6 59. Nd5 Bd8 60. Ke4 Re6+ 61. Kf5 Rd6 62. Ke5 Rc6 63. Bc3 a5 64. Bd4 Rg6 65. Kf5 Rd6 66. Ke4 Rc6 67. Nf4 Rd6 68. Be5 Rc6 69. Kd5 Rb6 70. Ne6 Be7 71. Rxa5 Rb7 72. Ra6 Rd7+ 73. Ke4 Kf7 74. Nf4 Rd8 75. Kf5 Ke8 76. Ra7 Rd6 77. Bxd6 1-0


[Site "https://www.chess.com"]

[Event "Titled Tuesday Blitz May 23 Early 2023"]
[White "Schmakel, Sam"]
[Black "Demchenko, Anton"]
[WhiteFideId "2039311"]
[BlackFideId "4160258"]
[WhiteElo "2356"]
[BlackElo "2545"]
[Result "0-1"]
[Round "06"]
[TimeControl "180+2"]
[Date "2023.05.23"]
[WhiteClock "0:00:02"]
[BlackClock "0:00:10"]

1. d4 Nf6 2. c4 d6 3. Nf3 Nc6 4. d5 Ne5 5. Nxe5 dxe5 6. Nc3 e6 7. e4 Bc5 8. Bd3 O-O 9. O-O c6 10. dxc6 bxc6 11. Qe2 Bd4 12. Qc2 Bb7 13. Ne2 Nd7 14. Rd1 c5 15. Rb1 a5 16. Nxd4 exd4 17. f4 e5 18. f5 f6 19. g4 g5 20. h4 h6 21. Kf2 Kg7 22. Rh1 Rh8 23. Bd2 Nb8 24. Rh3 Nc6 25. a3 Qe7 26. Rbh1 Nd8 27. hxg5 fxg5 28. Qd1 Nf7 29. Rh5 Qf6 30. Qg1 a4 31. Qh2 Bc6 32. Rb1 Rab8 33. Ke2 Rb3 34. Rh3 Rhb8 35. Bc2 Rxb2 36. Rxb2 Rxb2 37. Kd1 Rxc2 38. Kxc2 Bxe4+ 39. Kd1 Qb6 40. Qe2 Qb1+ 41. Bc1 Qb7 42. Qf2 Kf6 43. Rh2 Bd3 44. Qg3 Qe4 45. Rd2 Bxc4 46. Rf2 Bb3+ 47. Kd2 c4 48. Bb2 Qc2+ 49. Ke1 Qd1# 0-1


[Site "https://www.chess.com"]

[Event "Titled Tuesday Blitz May 23 Early 2023"]
[White "Papasimakopoulos, Alexandros"]
[Black "Zhigalko, Sergei"]
[WhiteFideId "4244125"]
[BlackFideId "13502956"]
[WhiteElo "2359"]
[BlackElo "2626"]
[Result "1-0"]
[Round "06"]
[TimeControl "180+2"]
[Date "2023.05.23"]
[WhiteClock "0:00:53"]
[BlackClock "0:00:00"]

1. d4 Nf6 2. c4 e6 3. Nc3 Bb4 4. e3 O-O 5. Bd2 b6 6. Bd3 Bb7 7. Nf3 d5 8. cxd5 exd5 9. O-O Bd6 10. Ne5 c5 11. f4 Nc6 12. Be1 cxd4 13. exd4 Nxd4 14. Bh4 Ne6 15. Kh1 Be7 16. Bc2 Rc8 17. Qd3 Ne4 18. Bxe7 Qxe7 19. Nxd5 Bxd5 20. Qxd5 Nf6 21. Qd2 Rfd8 22. Qf2 Qc5 23. Bf5 Qxf2 24. Rxf2 Rd6 25. g3 g6 26. Bxe6 Rxe6 27. Rd1 Ne4 28. Re2 Nc5 29. Rc2 Rce8 30. b4 Ne4 31. Rd7 f6 32. Nc6 a6 33. Rc7 Rd6 34. Kg2 h5 35. Re2 g5 36. Ne7+ Kf8 37. Rxe4 Rd2+ 38. Kf3 g4+ 39. Ke3 Rxa2 40. Ng6+ 1-0


[Site "https://www.chess.com"]

[Event "Titled Tuesday Blitz May 23 Early 2023"]
[White "Zakhartsov, Vladimir"]
[Black "Ashraf, Artin"]
[WhiteFideId "4145097"]
[BlackFideId "22514805"]
[WhiteElo "2495"]
[BlackElo "2188"]
[Result "1-0"]
[Round "06"]
[TimeControl "180+2"]
[Date "2023.05.23"]
[WhiteClock "0:00:10"]
[BlackClock "0:00:02"]

1. e4 c6 2. d3 d5 3. Nd2 Nf6 4. Ngf3 Bg4 5. h3 Bh5 6. e5 Nfd7 7. Be2 e6 8. O-O c5 9. c3 Nc6 10. d4 Qb6 11. Nb3 Be7 12. a4 c4 13. Nbd2 O-O 14. Re1 a6 15. b4 cxb3 16. Qxb3 Na5 17. Qxb6 Nxb6 18. Bb2 Bg6 19. Rec1 Rfc8 20. g4 Rc7 21. h4 h6 22. h5 Bh7 23. Kg2 Rac8 24. Kg3 Rc6 25. Ra2 Nbc4 26. Nxc4 Nxc4 27. Bxc4 Rxc4 28. Nd2 R4c6 29. a5 b5 30. axb6 Rxb6 31. Ba3 Bxa3 32. Rxa3 Bd3 33. Nb3 Bc4 34. Nc5 Rb2 35. f3 Rc6 36. Kf4 Rf2 37. Rca1 Rb6 38. Nxa6 Bxa6 39. Rxa6 Rb3 40. Rc6 Kh7 41. Ra7 Rb1 42. Rxf7 Rbf1 43. Kg3 Kg8 44. Rf4 Re2 45. Rc8+ Kh7 46. Rff8 Rg1+ 47. Kf4 g5+ 48. hxg6+ Kg7 49. Rf7+ Kxg6 50. Rf6+ Kg7 51. Rc7+ Kg8 52. Rxe6 Rf2 53. Re8# 1-0


[Site "https://www.chess.com"]

[Event "Titled Tuesday Blitz May 23 Early 2023"]
[White "Nazari, Arad"]
[Black "Drygalov, Andrey"]
[WhiteFideId "12577324"]
[BlackFideId "24171735"]
[WhiteElo "2175"]
[BlackElo "2466"]
[Result "1-0"]
[Round "06"]
[TimeControl "180+2"]
[Date "2023.05.23"]
[WhiteClock "0:00:07"]
[BlackClock "0:00:03"]

1. e4 c5 2. Nf3 d6 3. Bb5+ Bd7 4. Bxd7+ Nxd7 5. O-O Ngf6 6. Qe2 e6 7. c3 Be7 8. d4 O-O 9. Rd1 Qc7 10. Bg5 h6 11. Bh4 Rfe8 12. a4 Rac8 13. Na3 a6 14. Qd3 d5 15. exd5 Nxd5 16. Bxe7 Rxe7 17. Nc2 Qb6 18. Ne3 Nxe3 19. fxe3 cxd4 20. cxd4 Nf6 21. Rd2 Rec7 22. h3 Nd5 23. Rf1 Nb4 24. Qe2 Nc6 25. Qf2 Rd7 26. e4 Rcd8 27. Rfd1 Qb4 28. d5 exd5 29. exd5 Na5 30. Rd4 Qd6 31. b4 Nb3 32. R4d3 Qxb4 33. Rb1 Qxa4 34. Rdxb3 Rxd5 35. Rxb7 Rd1+ 36. Kh2 Qf4+ 37. Qg3 Qxg3+ 38. Kxg3 Rxb1 39. Rxb1 Ra8 40. Ra1 f6 41. Nd4 Kf7 42. Nc6 Kg6 43. Ra4 f5 44. Nb4 Rb8 45. Nxa6 Rb3+ 46. Kh2 Kg5 47. Nc5 Rb2 48. Ne6+ Kf6 49. Ra6 Kf7 50. Nd4 g6 51. Nf3 Kg7 52. Ne5 g5 53. Rg6+ Kh7 54. Rf6 f4 55. h4 Kg7 56. Rf7+ Kg8 57. Rf6 Kg7 58. Rg6+ Kh7 59. hxg5 hxg5 60. Rxg5 Rb5 61. Nf3 Rb4 62. Kh3 Kh6 63. Kg4 Ra4 64. Rf5 Ra2 65. Nh4 f3 66. gxf3 Rb2 67. Rf6+ Kg7 68. Ra6 Rb5 69. f4 Kf7 70. Nf5 Rb1 71. Ra7+ Kf6 72. Ra6+ Kf7 73. Ne3 Rg1+ 74. Kf5 Rb1 75. Ra7+ Kf8 76. Ng4 Rb6 77. Ne5 Kg8 78. Kg5 Rb5 79. Rc7 Kf8 80. Kf6 Kg8 81. f5 Rb6+ 82. Rc6 Rb8 83. Ng6 Kh7 84. Rc7+ Kh6 85. Ne5 Rb6+ 86. Nc6 Kh5 87. Ke6 Kg5 88. f6 Kg6 89. f7 Kg7 90. Ke7 Kg6 91. f8=Q Rxc6 92. Qf7+ Kg5 93. Rxc6 Kh4 94. Rg6 Kh3 95. Qh7# 1-0


[Site "https://www.chess.com"]

[Event "Titled Tuesday Blitz May 23 Early 2023"]
[White "Narayanan, Srinath"]
[Black "Dimitrov, Atanas"]
[WhiteFideId "5018420"]
[BlackFideId "2901315"]
[WhiteElo "2438"]
[BlackElo "2714"]
[Result "1-0"]
[Round "06"]
[TimeControl "180+2"]
[Date "2023.05.23"]
[WhiteClock "0:02:46"]
[BlackClock "0:01:52"]

1. Nf3 d5 2. e3 Nf6 3. c4 c6 4. d4 g6 5. Nc3 Bg7 6. cxd5 cxd5 7. h3 O-O 8. Bd3 Nc6 9. O-O b6 10. b3 Bb7 11. Ba3 Rc8 12. Rc1 Re8 13. Qe2 e5 14. dxe5 Nxe5 15. Nxe5 Rxe5 16. Nb5 Rxc1 17. Rxc1 a6 18. Nd6 Re7 19. Bxa6 Bxa6 20. Qxa6 Rc7 21. Rxc7 Qxc7 22. Qa8+ Bf8 23. Nb5 1-0


[Site "https://www.chess.com"]

[Event "Titled Tuesday Blitz May 23 Early 2023"]
[White "Volkov, Maksim"]
[Black "Fridman, Daniel"]
[WhiteFideId "54123070"]
[BlackFideId "11600454"]
[WhiteElo "2297"]
[BlackElo "2525"]
[Result "0-1"]
[Round "06"]
[TimeControl "180+2"]
[Date "2023.05.23"]
[WhiteClock "0:02:10"]
[BlackClock "0:01:59"]

1. d4 d5 2. c4 e6 3. Nf3 Nf6 4. g3 Bb4+ 5. Bd2 a5 6. Bg2 O-O 7. Qc2 c5 8. dxc5 d4 9. Bxb4 axb4 10. Ne5 Qa5 11. Nd3 b3+ 12. Qd2 Qxa2 13. Rxa2 bxa2 14. Na3 a1=Q+ 15. Nc1 Rxa3 16. bxa3 Qxa3 17. O-O Qxc5 0-1


[Site "https://www.chess.com"]

[Event "Titled Tuesday Blitz May 23 Early 2023"]
[White "Matinian, Nikita"]
[Black "Pranesh M"]
[WhiteFideId "24129100"]
[BlackFideId "35028600"]
[WhiteElo "2422"]
[BlackElo "2437"]
[Result "1-0"]
[Round "06"]
[TimeControl "180+2"]
[Date "2023.05.23"]
[WhiteClock "0:00:04"]
[BlackClock "0:00:39"]

1. e4 e6 2. d4 d5 3. Nc3 Nf6 4. e5 Nfd7 5. f4 c5 6. Nf3 Nc6 7. Be3 Qb6 8. Na4 Qa5+ 9. c3 cxd4 10. b4 Qc7 11. Nxd4 a6 12. Bd3 b5 13. Nb2 Ncxe5 14. fxe5 Qxc3+ 15. Qd2 Bxb4 16. Nb3 Nxe5 17. O-O Qxd2 18. Bxd2 Bxd2 19. Nxd2 O-O 20. Be2 Bd7 21. Nb3 Rfc8 22. Rac1 Nc4 23. Nd3 a5 24. Nbc5 Be8 25. g4 Rc7 26. g5 a4 27. h4 e5 28. Nb3 axb3 29. axb3 e4 30. Nf4 d4 31. bxc4 d3 32. Nd5 Rxc4 33. Bg4 Rd8 34. Ne3 Rcd4 35. Rc7 b4 36. h5 g6 37. hxg6 hxg6 38. Kf2 Rb8 39. Bd1 b3 40. Ng4 e3+ 41. Kxe3 Rxg4 42. Bxg4 b2 43. Rb1 Kg7 44. Rc8 Rb4 45. Rxe8 Rxg4 46. Rxb2 Rg3+ 47. Kd4 Rxg5 48. Kxd3 Rf5 49. Ke4 Rf1 50. Rbb8 Kf6 51. Rf8 Re1+ 52. Kf3 Rf1+ 53. Ke2 Rf5 54. Rb7 Kg7 55. Re8 Kf6 56. Ke3 Rf1 57. Kd4 Rd1+ 58. Kc5 Rc1+ 59. Kb6 Rb1+ 60. Kc7 Rc1+ 61. Kd8 Rf1 62. Rf8 Kg7 63. Re8 g5 64. Re4 Kg6 65. Ke7 f5 66. Rb6+ Kh5 67. Re2 f4 68. Kf6 f3 69. Rd2 g4 70. Kf5 Kh4 71. Kf4 Kh5 72. Rd5+ 1-0


[Site "https://www.chess.com"]

[Event "Titled Tuesday Blitz May 23 Early 2023"]
[White "Quesada Perez, Yuniesky"]
[Black "Radzhabov, Rodion"]
[WhiteFideId "3504409"]
[BlackFideId "884715"]
[WhiteElo "2585"]
[BlackElo "2215"]
[Result "1-0"]
[Round "06"]
[TimeControl "180+2"]
[Date "2023.05.23"]
[WhiteClock "0:02:01"]
[BlackClock "0:00:18"]

1. e4 c5 2. Nf3 e6 3. d4 cxd4 4. Nxd4 Nc6 5. Nc3 Qc7 6. f4 a6 7. Nxc6 bxc6 8. Bd3 d5 9. O-O Nf6 10. Qe2 Be7 11. Bd2 Bb7 12. Rae1 O-O 13. Kh1 Rfe8 14. e5 Nd7 15. f5 Nc5 16. f6 Bf8 17. Bxh7+ Kxh7 18. Qh5+ Kg8 19. Rf3 g6 20. Qh4 1-0


[Site "https://www.chess.com"]

[Event "Titled Tuesday Blitz May 23 Early 2023"]
[White "Drygalov, Sergey"]
[Black "Weishaeutel, Moritz"]
[WhiteFideId "24171743"]
[BlackFideId "12967300"]
[WhiteElo "2533"]
[BlackElo "2301"]
[Result "0-1"]
[Round "06"]
[TimeControl "180+2"]
[Date "2023.05.23"]
[WhiteClock "0:00:04"]
[BlackClock "0:00:11"]

1. d4 Nf6 2. c4 c5 3. d5 b5 4. cxb5 a6 5. bxa6 g6 6. Nc3 Bg7 7. e4 O-O 8. Be2 Qa5 9. Bd2 Bxa6 10. e5 Ne8 11. Nf3 d6 12. e6 fxe6 13. dxe6 Nc7 14. O-O Bxe2 15. Qxe2 Qa6 16. Qe4 Qc6 17. Qh4 Qe8 18. Rfe1 Nc6 19. Ng5 h6 20. Nf7 h5 21. Ng5 Nd4 22. Qe4 Rf5 23. Rac1 Rb8 24. b3 Bh6 25. h4 Ncxe6 26. f4 Bxg5 27. hxg5 Qf7 28. Nd5 Rf8 29. g3 Kh7 30. Ne3 Rxg5 31. fxg5 Qf2+ 32. Kh1 Qxd2 33. Rcd1 Qxa2 34. Ng2 Qxb3 35. Nh4 Rg8 36. Re3 Qxd1+ 37. Kh2 Qg4 38. Qd5 Qxg5 39. Qxg5 Nxg5 40. Rxe7+ Rg7 41. Re8 Ndf3+ 42. Nxf3 Nxf3+ 43. Kg2 Ne5 44. Kf2 Rc7 45. Ke3 c4 46. Kd2 c3+ 47. Kc2 g5 48. Re6 h4 49. gxh4 gxh4 50. Rxd6 Ng4 51. Rd4 Ne3+ 52. Kc1 Nf5 53. Rg4 Kh6 54. Kc2 Kh5 55. Rg8 h3 56. Rg1 Kh4 57. Rf1 Ne3+ 58. Kd3 Nxf1 0-1


[Site "https://www.chess.com"]

[Event "Titled Tuesday Blitz May 23 Early 2023"]
[White "Tasev, Dejan"]
[Black "Timofeev, Artyom"]
[WhiteFideId "936618"]
[BlackFideId "4140419"]
[WhiteElo "2244"]
[BlackElo "2586"]
[Result "1-0"]
[Round "06"]
[TimeControl "180+2"]
[Date "2023.05.23"]
[WhiteClock "0:00:14"]
[BlackClock "0:00:14"]

1. e4 e5 2. Nf3 Nf6 3. Nxe5 d6 4. Nf3 Nxe4 5. Nc3 Nf6 6. d4 Be7 7. h3 O-O 8. Bd3 b6 9. O-O Bb7 10. Re1 Nbd7 11. Ne4 Re8 12. c3 Nf8 13. Bd2 Ng6 14. Qc2 Qd7 15. Re2 Nd5 16. Ng3 Bf8 17. Rae1 Rxe2 18. Rxe2 Re8 19. Rxe8 Qxe8 20. Be4 Qa8 21. c4 Nf6 22. Bxb7 Qxb7 23. Bg5 Nd7 24. Qf5 Qc8 25. h4 Qe8 26. h5 Ne7 27. Qe4 h6 28. Bh4 f6 29. Qe6+ Kh8 30. Nf5 Qd8 31. g4 Nxf5 32. gxf5 c5 33. d5 b5 34. b3 bxc4 35. bxc4 Nb6 36. Nd2 Qd7 37. Bg3 Qa4 38. Qf7 Nd7 39. Nf3 Qxc4 40. Qxd7 Qxd5 41. Nh4 Kh7 42. Ng6 Qd1+ 43. Kg2 Qd5+ 44. Kh2 Qg8 45. Qe8 1-0


[Site "https://www.chess.com"]

[Event "Titled Tuesday Blitz May 23 Early 2023"]
[White "Sychev, Klementy"]
[Black "Agibileg, Uurtsaikh"]
[WhiteFideId "4114060"]
[BlackFideId "4901606"]
[WhiteElo "2583"]
[BlackElo "2353"]
[Result "1-0"]
[Round "06"]
[TimeControl "180+2"]
[Date "2023.05.23"]
[WhiteClock "0:00:03"]
[BlackClock "0:00:00"]

1. e4 c5 2. Nf3 e6 3. d4 cxd4 4. Nxd4 Nc6 5. Nc3 Qc7 6. Ndb5 Qb8 7. a4 Bb4 8. g3 Nf6 9. Bg2 a6 10. Na3 O-O 11. O-O Bxc3 12. bxc3 d5 13. exd5 Nxd5 14. c4 Nc3 15. Qe1 Nxa4 16. Be3 Qc7 17. Rb1 Qa5 18. Qxa5 Nxa5 19. Rb4 Nc3 20. Re1 f5 21. Bf4 Nc6 22. Rb3 Ne4 23. Rd3 Nf6 24. c5 e5 25. Bxe5 Nxe5 26. Rxe5 f4 27. Nc4 fxg3 28. hxg3 Ng4 29. Re7 Nxf2 30. Bd5+ Kh8 31. Rde3 Nh3+ 32. Kh2 Bg4 33. Ne5 Rf2+ 34. Bg2 Bf5 35. Nf7+ Kg8 36. Nd6 Bg4 37. Re8+ Rf8 38. Bd5+ Kh8 39. Rxa8 Rxa8 40. Nf7+ Kg8 41. Ne5+ Kf8 42. Nxg4 Ng5 43. Re5 h6 44. Bxb7 Rb8 45. Bd5 Rb2 46. Re2 h5 47. Ne5 g6 48. c6 Rb5 49. c7 Rc5 50. Nd7+ Kg7 51. Nxc5 1-0


[Site "https://www.chess.com"]

[Event "Titled Tuesday Blitz May 23 Early 2023"]
[White "Beerdsen, Thomas"]
[Black "Kleiman, Jake"]
[WhiteFideId "1030108"]
[BlackFideId "2020041"]
[WhiteElo "2549"]
[BlackElo "2627"]
[Result "1-0"]
[Round "06"]
[TimeControl "180+2"]
[Date "2023.05.23"]
[WhiteClock "0:01:30"]
[BlackClock "0:00:10"]

1. e4 e5 2. Bc4 Nf6 3. d3 Nc6 4. Nc3 Na5 5. Bb3 Be7 6. Nf3 d6 7. h3 O-O 8. O-O c6 9. Re1 h6 10. d4 Nxb3 11. axb3 Qc7 12. Be3 a6 13. Qd2 b5 14. Bxh6 gxh6 15. Qxh6 Nh7 16. Re3 Kh8 17. Ne2 Rg8 18. Ng3 Bf6 19. dxe5 dxe5 20. Nf5 Be6 21. g4 a5 22. Kh1 Rae8 23. Rg1 Bxf5 24. exf5 e4 25. g5 Bg7 26. Qh5 exf3 27. g6 fxg6 28. fxg6 Bd4 29. Rxe8 Rxe8 30. g7+ Bxg7 31. Qxe8+ Nf8 32. Qh5+ Kg8 33. Qxf3 Qd6 34. c3 Qe6 35. Rg4 Qxb3 36. Qxc6 a4 37. c4 bxc4 38. Qd5+ Kh8 39. Rh4+ Nh7 40. Qd8+ Bf8 41. Qxf8# 1-0


[Site "https://www.chess.com"]

[Event "Titled Tuesday Blitz May 23 Early 2023"]
[White "Manukyan, Sargis A."]
[Black "Zherebukh, Yaroslav"]
[WhiteFideId "13303970"]
[BlackFideId "14116804"]
[WhiteElo "2187"]
[BlackElo "2531"]
[Result "0-1"]
[Round "06"]
[TimeControl "180+2"]
[Date "2023.05.23"]
[WhiteClock "0:00:05"]
[BlackClock "0:00:09"]

1. d4 d5 2. c4 c6 3. Nc3 Nf6 4. e3 Bf5 5. cxd5 cxd5 6. Qb3 Nc6 7. Qxb7 Bd7 8. Qb3 Rb8 9. Qd1 e5 10. dxe5 Nxe5 11. Be2 Bd6 12. Nf3 O-O 13. O-O Qe7 14. g3 Rfc8 15. a4 h5 16. Nb5 Bc5 17. b4 Bxb4 18. Nxa7 Rd8 19. Nb5 Bh3 20. Bb2 Nc4 21. Bd4 Ne4 22. Nh4 Bxf1 23. Qxf1 g6 24. Qg2 Bc5 25. Nf3 Bxd4 26. Nfxd4 Rdc8 27. h4 Ne5 28. a5 Ra8 29. a6 Qc5 30. a7 Rd8 31. f3 Nc3 32. f4 Nxb5 33. Bxb5 Nc4 34. Qa2 Nxe3 35. Qb2 Nf5 36. Rd1 Rxa7 37. Kh1 Nxg3+ 38. Kg2 Ne4 39. f5 Qd6 40. fxg6 Qg3+ 41. Kf1 Qxg6 42. Ke2 Qg2+ 43. Ke3 Qxb2 44. Rg1+ Kf8 45. Bd3 Qd2+ 46. Kf3 Qf2# 0-1


[Site "https://www.chess.com"]